 Dungeon Crawl Stone Soup version 0.18.1-50-g88ac8fd (webtiles) character file.

107 KarmaPolice the Slasher (level 4, -2/38 HPs)
             Began as a Minotaur Gladiator on Oct 4, 2016.
             Slain by Sigmund
             ... wielding a +0 scythe
              (8 damage)
             ... on level 2 of the Dungeon on Oct 5, 2016.
             The game lasted 00:07:59 (1072 turns).

KarmaPolice the Slasher (Minotaur Gladiator)        Turns: 1072, Time: 00:07:59

Health: -2/38      AC:  4    Str: 20    XL:     4   Next: 57%
Magic:  3/3        EV: 13    Int:  5    God:
Gold:   69         SH:  0    Dex: 11    Spells: 0 memorised, 3 levels left

rFire  . . .     SeeInvis .     a - +0 long sword
rCold  . . .     Gourm    .     b - +0 leather armour
rNeg   . . .     Faith    .     (no shield)
rPois  .         Spirit   .     c - +0 hat
rElec  .         Dismiss  .     (no cloak)
rCorr  .         Reflect  .     m - +0 pair of gloves
SustAt .         Harm     .     (no boots)
MR     .....                    (no amulet)
Stlth  +.........               (no ring)
                                (no ring)

@: not resistant to hostile enchantments, very unstealthy
A: retaliatory headbutt, horns 2
a: no special abilities


You were on level 2 of the Dungeon.
You were hungry.

You visited 1 branch of the dungeon, and saw 2 of its levels.

You collected 69 gold pieces.

Inventory:

Hand Weapons
 a - a +0 long sword (weapon)
 h - a +0 hand axe
 q - a +3 short sword of speed
Missiles
 d - 3 throwing nets (quivered)
 k - 7 needles of confusion
Armour
 b - a +0 leather armour (worn)
 c - a +0 hat (worn)
 e - a +0 ring mail
 g - a +0 leather armour
 l - a +0 chain mail
 m - a +0 pair of gloves (worn)
 r - a +0 ring mail
Wands
 p - a wand of random effects (24/48)
Scrolls
 j - a scroll of remove curse {unknown}
 o - a scroll of identify {unknown}
 s - a scroll of fear {unknown}
Potions
 i - 2 potions of heal wounds {unknown}
Comestibles
 f - 2 bread rations
 n - a meat ration


   Skills:
 + Level 3.3 Fighting
 + Level 4.4 Long Blades
 + Level 2.3 Throwing
 + Level 1.0 Armour
 + Level 4.4 Dodging
 + Level 0.3 Stealth


You had 3 spell levels left.
You didn't know any spells.

Dungeon Overview and Level Annotations

Branches:
Dungeon (2/15)

Altars:

Annotations:
D:2 Sigmund


Innate Abilities, Weirdness & Mutations

You reflexively headbutt those who attack you in melee.
You have a pair of horns on your head.


Message History

The magic dart hits you!
Sigmund screams, "Don't try to resist!"
Sigmund mumbles some strange words.
Sigmund flickers and vanishes!
Deactivating autopickup; reactivate with Ctrl-A.
Something tries to affect you, but you resist.
A magic dart appears from out of thin air!
The magic dart hits you!
Sigmund mumbles some strange words.
Sigmund flickers and vanishes!
A magic dart appears from out of thin air!
The magic dart hits you!
* * * LOW HITPOINT WARNING * * *
A puff of flame appears from out of thin air!
The puff of flame hits you!
* * * LOW HITPOINT WARNING * * *
Found a sedimented yellow potion.
You are feeling hungry.
Something hits you!
You die...

#.# #......##...#####.
#.# #......##...#.....
#.# #...........$....<
#.# #.†....###..#.#...
#.# #.†.....##..#.....
#.# #.####...(........
#.# #†# #..##..##...#
#.#####.####..##..###..#
#....##@................
####.........†..##### #
#.#######.##.# #.#
####.# #.# #.# #.### #.#
#...# #.# #!#.# #.#
#.#.# #.#


There were no monsters in sight!

Vanquished Creatures
  A scorpion (D:2)
  Terence (D:2)
  A worm (D:2)
  A dart slug (D:2)
  A giant gecko (D:1)
  2 giant cockroaches
  3 goblins (D:1)
  4 hobgoblins
  5 bats
  2 giant newts (D:1)
  3 kobolds
  3 rats (D:1)
27 creatures vanquished.

Notes
Turn   | Place    | Note
--------------------------------------------------------------
     0 | D:1      | KarmaPolice the Minotaur Gladiator began the quest for the Orb.
     0 | D:1      | Reached XP level 1. HP: 18/18 MP: 0/0
   399 | D:1      | Reached XP level 2. HP: 25/25 MP: 1/1
   864 | D:2      | Noticed a scorpion
   872 | D:2      | Killed a scorpion
   872 | D:2      | Reached skill level 1 in Armour
   872 | D:2      | Reached XP level 3. HP: 25/31 MP: 2/2
   872 | D:2      | Reached XP level 4. HP: 30/38 MP: 3/3
   972 | D:2      | Noticed Terence
   981 | D:2      | Killed Terence
  1008 | D:2      | Noticed Sigmund
  1072 | D:2      | Slain by Sigmund

Skill      XL: |  1  2 |
---------------+-------+-----
Long Blades    | 4 |  4.4
Fighting       | 3 |  3.3
Armour         | 1 |  1.0
Dodging        | 4 |  4.4
Throwing       | |  2.3
Stealth        | |  0.3

Action                   |  1- 3 |  4- 6 || total
-------------------------+-------+-------++-------
Melee: Long sword        |    37 |    17 ||    54
       Headbutt          |     8 |     6 ||    14
Armor: Leather armour    |     9 |     3 ||    12
Dodge: Dodged            |    36 |    17 ||    53
